 Dungeon Crawl Stone Soup version 0.16.2-12-gd0ad4c3 (webtiles) character file.

1031 faibistes the Magician (level 8, -5/44 HPs)
             Began as a Deep Elf Wizard on Dec 11, 2018.
             Was an Initiate of Sif Muna.
             Slain by a wyvern (8 damage)
             ... on level 7 of the Dungeon.
             The game lasted 00:18:31 (5926 turns).

faibistes the Magician (Deep Elf Wizard)            Turns: 5926, Time: 00:18:31

Health: -5/44      AC:  7    Str:  4    XL:     8   Next: 3%
Magic:  3/27       EV: 16    Int: 26    God:    Sif Muna [......]
Gold:   362        SH:  0    Dex: 13    Spells: 6 memorised, 9 levels left

rFire  . . .     SeeInvis .     f - +1 dagger
rCold  . . .     Clarity  .     v - +1 robe
rNeg   . . .     SustAb   .     (no shield)
rPois  .         Gourm    .     l - +2 hat
rElec  .         Spirit   .     k - +0 cloak
rCorr  .         Warding  .     (no gloves)
rMut   .         Stasis   .     j - +0 pair of boots
MR     .....                    h - amulet of regeneration
Stlth  ++........               (no ring)
                                n - +2 ring of evasion

@: very slightly contaminated, repel missiles, not resistant to hostile
enchantments, unstealthy
A: no striking features
a: Renounce Religion


You were on level 7 of the Dungeon.
You worshipped Sif Muna.
Sif Muna was noncommittal.
You were not hungry.

You visited 2 branches of the dungeon, and saw 8 of its levels.

You collected 362 gold pieces.

Inventory:

Hand weapons
 f - a +1 dagger (weapon)
 t - a +0 quarterstaff of crushing
Armour
 a - a +0 robe
 b - a +0 hat
 e - a +1 helmet
 j - a +0 pair of boots (worn)
 k - a +0 cloak (worn)
 l - a +2 hat (worn)
 v - a +1 robe (worn)
Jewellery
 h - an amulet of regeneration (around neck)
 n - a +2 ring of evasion (left hand)
Magical devices
 r - a wand of lightning (2)
 A - a wand of cold (4)
 J - a wand of paralysis (6)
Scrolls
 g - a scroll of teleportation
 u - a scroll of noise {unknown}
 w - a scroll of remove curse
 x - a scroll of enchant armour
 y - a scroll of amnesia {unknown}
 z - a scroll of enchant weapon
 F - a scroll of recharging {unknown}
 O - a scroll of identify
Potions
 i - 3 potions of heal wounds
 m - 2 potions of agility
 o - 3 potions of restore abilities
 q - a potion of flight
 B - 2 potions of mutation
 C - a potion of curing {unknown}
 E - a potion of berserk rage {unknown}
 H - a potion of might {unknown}
 I - a potion of invisibility {unknown}
 K - a potion of resistance {unknown}
 N - a potion of haste {unknown}
Books
 c - a book of Minor Magic

   Spells                             Type                      Level
   a - Magic Dart                     Conjuration                  1
   b - Blink                          Translocation                2
   c - Call Imp                       Summoning                    2
   d - Repel Missiles                 Charms/Air                   2
   e - Slow                           Hexes                        2
   f - Conjure Flame                  Conjuration/Fire             3
   g - Mephitic Cloud                 Conjuration/Poison/Air       3
 G - a book of Unlife

   Spells                             Type                      Level
   a - Recall                         Summoning/Translocation      3
   b - Animate Dead                   Necromancy                   4
   c - Control Undead                 Necromancy                   4
   d - Cigotuvi's Embrace             Necromancy                   5
   e - Death Channel                  Necromancy                   6
   f - Simulacrum                     Ice/Necromancy               6
Comestibles
 d - 5 bread rations
 p - a beef jerky
 s - 3 meat rations
 D - 7 fruits
 L - a chunk of flesh
 M - a slice of pizza


   Skills:
 - Level 2.2 Fighting
 + Level 4.8 Dodging
 - Level 2.4 Stealth
 * Level 7.9 Spellcasting
 * Level 4.7 Conjurations
 - Level 1.1 Summonings
 - Level 2.2 Translocations
 * Level 2.0 Fire Magic
 * Level 1.5 Air Magic
 + Level 1.4 Poison Magic
 - Level 2.3 Evocations


You had 9 spell levels left.
You knew the following spells:

 Your Spells              Type           Power        Failure   Level  Hunger
a - Magic Dart            Conj           ####         1%          1    None
b - Conjure Flame         Conj/Fire      ####....     6%          3    None
c - Call Imp              Summ           ###.....     6%          2    None
d - Blink                 Tloc           N/A          3%          2    None
e - Mephitic Cloud        Conj/Pois/Air  ###.....     8%          3    None
f - Repel Missiles        Chrm/Air       ##....       10%         2    None


Dungeon Overview and Level Annotations

Branches:
Dungeon (7/15)             Temple (1/1) D:4

Altars:
Ashenzari
Cheibriados
Dithmenos
Elyvilon
Fedhas
Gozag
Makhleb
Nemelex Xobeh
Okawaru
Qazlal
Ru
Sif Muna
Trog
Vehumet
Xom
Yredelemnul
Zin
The Shining One

Annotations:
D:4 exclusion: oklob sapling


Message History

Aiming: Conjure Flame
Press: ? - help, Dir - move target cursor The fire roars!
The wyvern bites you!! The wyvern misses you. The wyvern bites you!
* * * LOW HITPOINT WARNING * * *
The wyvern barely misses you. The wyvern closely misses you.
The wyvern barely misses you. The wyvern misses you. The wyvern bites you!
* * * LOW HITPOINT WARNING * * *
Evoke which item? (* to show all) (? for menu, Esc to quit)
Zapping:
J - a wand of paralysis (will waste charges)
Press: ? - help, Shift-Dir - straight line, f - wyvern
Aim: a wyvern (chance 50%)
The wyvern resists with some effort.
Evoking this partially-identified wand wasted a few charges.
The wyvern closely misses you. The wyvern bites you!
You die...

####### ### #. ####...$.### ..##
#.####.......<..#
..###.###............# ##
#....##..@..............
##...###........§D...............
........<......?.................
......((........................
..............................
..............)..........#...
.............)..........##
.....................
....................


You could see a wyvern.

Vanquished Creatures
  An ice beast (D:5)
  Duvessa (D:4)
  4 centaurs
  A scorpion (D:5)
  3 crimson imps
  Dowan (D:4)
  2 hounds (D:3)
  3 worker ants
  2 orc wizards (D:5)
  A shadow imp (D:6)
  A worm (D:3)
  3 adder skeletons
  6 giant geckos
  14 orcs
  A bat skeleton (D:4)
  4 giant cockroaches
  11 hobgoblins
  6 jackals
  11 kobolds
  A quokka (D:6)
  3 ball pythons
  14 bats
  7 giant newts
  A giant newt zombie (D:6)
  11 goblins
  A goblin zombie (D:6)
  A jackal skeleton (D:6)
  A quokka skeleton (D:4)
  7 rats
  A plant (D:4)
124 creatures vanquished.

Vanquished Creatures (collateral kills)
  A water moccasin (D:6)
  An adder (D:3)
  A worm (D:2)
  An orc (D:3)
  2 jackals (D:2)
6 creatures vanquished.

Grand Total: 130 creatures vanquished

Notes
Turn   | Place    | Note
--------------------------------------------------------------
     0 | D:1      | faibistes, the Deep Elf Wizard, began the quest for the Orb.
     0 | D:1      | Reached XP level 1. HP: 10/10 MP: 6/6
   152 | D:1      | Reached XP level 2. HP: 15/15 MP: 2/10
   220 | D:1      | Learned a level 2 spell: Blink
   223 | D:1      | Learned a level 2 spell: Call Imp
   974 | D:2      | Reached skill level 5 in Spellcasting
  1075 | D:2      | Reached XP level 3. HP: 19/19 MP: 7/14
  1083 | D:2      | Learned a level 3 spell: Conjure Flame
  1087 | D:2      | Learned a level 3 spell: Mephitic Cloud
  1274 | D:3      | Found a basalt altar of Yredelemnul.
  1298 | D:3      | Found a shimmering altar of Xom.
  1597 | D:3      | Found a sacrificial altar of Ru.
  2269 | D:2      | Found a shadowy altar of Dithmenos.
  2375 | D:3      | Reached XP level 4. HP: 24/24 MP: 9/17
  2617 | D:3      | Learned a level 2 spell: Repel Missiles
  3012 | D:3      | Found a blossoming altar of Fedhas.
  3014 | D:4      | Noticed Duvessa
  3014 | D:4      | Noticed Dowan
  3021 | D:4      | Killed Dowan
  3055 | D:3      | Reached skill level 6 in Spellcasting
  3055 | D:3      | Reached XP level 5. HP: 8/28 MP: 3/20
  3422 | D:4      | Killed Duvessa
  3587 | D:5      | Entered Level 5 of the Dungeon
  3597 | D:5      | Reached XP level 6. HP: 32/32 MP: 15/22
  3646 | D:4      | Found a staircase to the Ecumenical Temple.
  3829 | D:4      | Reached skill level 1 in Evocations
  4029 | Temple   | Entered the Ecumenical Temple
  4425 | D:4      | Found a white marble altar of Elyvilon.
  4695 | D:5      | Noticed a centaur
  4709 | D:5      | Reached skill level 1 in Fighting
  4713 | D:5      | Killed a centaur
  4713 | D:5      | Reached skill level 7 in Spellcasting
  4957 | D:5      | Noticed an ice beast
  4978 | D:5      | Killed an ice beast
  4978 | D:5      | Reached XP level 7. HP: 40/40 MP: 7/25
  5425 | D:6      | Found a deep blue altar of Sif Muna.
  5434 | D:6      | Became a worshipper of Sif Muna the Loreminder
  5568 | D:6      | Reached skill level 1 in Fire Magic
  5673 | D:6      | Reached skill level 1 in Air Magic
  5884 | D:7      | Reached skill level 1 in Poison Magic
  5897 | D:7      | Reached XP level 8. HP: 44/44 MP: 3/27
  5904 | D:7      | Noticed a wyvern
  5926 | D:7      | Slain by a wyvern

Action                   |  1- 3 |  4- 6 |  7- 9 || total
-------------------------+-------+-------+-------++-------
Melee: Dagger            |     5 |    95 |       ||   100
 Cast: Magic Dart        |    97 |   153 |    79 ||   329
       Call Imp          |     7 |     2 |     4 ||    13
       Mephitic Cloud    |       |     6 |     4 ||    10
       Repel Missiles    |       |     2 |       ||     2
       Blink             |       |     1 |     1 ||     2
       Conjure Flame     |       |     4 |     3 ||     7
Evoke: Wand              |       |     2 |     1 ||     3
  Use: Scroll            |    10 |     2 |     1 ||    13
 Stab: Sleeping          |     1 |       |       ||     1
  Eat: Chunk             |     3 |    10 |     3 ||    16
